 Dungeon Crawl Stone Soup version 0.26.1-16-g4e020e15dc (webtiles) character file.

Game seed: 8739439565108366188

1572 Janerl the Basher (level 8, -1/73 HPs)
             Began as a Minotaur Berserker on Apr 9, 2021.
             Was an Elder of Trog.
             Slain by a killer bee (10 damage)
             ... on level 6 of the Dungeon on Nov 10, 2023.
             The game lasted 00:22:49 (7917 turns).

Janerl the Basher (Minotaur Berserker)              Turns: 7917, Time: 00:22:50

Health: -1/73      AC:  3    Str: 22    XL:     8   Next: 59%
Magic:  7/7        EV: 14    Int:  8    God:    Trog [****..]
Gold:   289        SH:  0    Dex: 11    Spells: 7/7 levels left

rFire    + . .     SeeInvis .   D - +1 short sword of the Many Wars {venom, rPois rF++ Int+3 Stlth-}
rCold    + . .     Faith    .   (no shield)
rNeg     . . .     Spirit   .   b - +0 animal skin
rPois    +         Reflect  .   (helmet restricted)
rElec    .         Harm     .   m - scarf {+Inv}
rCorr    .         Rampage  .   (no gloves)
Will     .....                  j - +0 pair of boots
Stlth    ++........             (no amulet)
HPRegen  0.22/turn              H - ring of stealth
MPRegen  0.10/turn              E - ring of ice

@: attractive
A: retaliatory headbutt, horns 2
a: Renounce Religion, Evoke Invisibility, Berserk, Trog's Hand, Brothers in Arms


You were on level 6 of the Dungeon.
You worshipped Trog.
Trog was greatly pleased with you.
You visited 1 branch of the dungeon, and saw 6 of its levels.
You also visited: Ossuary.

You collected 289 gold pieces.

Inventory:

Hand Weapons
 a - a +0 mace
 v - a +1 short sword of protection
 w - a +3 war axe
 D - the +1 short sword of the Many Wars (weapon) {venom, rPois rF++ Int+3 Stlth-}
   (You found it on level 5 of the Dungeon)

   It poisons the flesh of those it strikes.
   It affects your intelligence (+3).
   It greatly protects you from fire.
   It protects you from poison.
   It makes you less stealthy.
Missiles
 k - 5 javelins (quivered)
 q - 17 poisoned darts
Armour
 b - a +0 animal skin (worn)
 j - a +0 pair of boots (worn)
 m - a scarf of invisibility (worn)
Jewellery
 l - an uncursed ring of magical power
 E - a ring of ice (right hand)
 F - an uncursed ring of protection from fire
 H - a ring of stealth (left hand)
Wands
 y - a wand of flame (16)
 B - a wand of random effects (33)
 C - a wand of enslavement (5)
Scrolls
 e - 2 scrolls of noise {unknown}
 f - 4 scrolls of remove curse
 g - 2 scrolls of identify
 i - 5 scrolls of enchant weapon
 n - a scroll of amnesia {unknown}
 o - 3 scrolls of enchant armour {unknown}
 r - 2 scrolls of teleportation {unknown}
 s - a scroll of fear {unknown}
 t - 2 scrolls of immolation {unknown}
 G - 3 scrolls of fog {unknown}
Potions
 c - a potion of curing
 d - 4 potions of lignification
 h - 2 potions of attraction
 p - a potion of might {unknown}
 u - 2 potions of flight {unknown}
 x - a potion of cancellation {unknown}
 z - a potion of ambrosia {unknown}
 A - a potion of haste {unknown}


   Skills:
 + Level 7.0 Fighting
 + Level 1.5 Short Blades
 + Level 3.2(6.0) Axes
 + Level 8.0(8.3) Maces & Flails
 + Level 2.1 Throwing
 + Level 2.9 Armour
 + Level 5.6 Dodging
 + Level 3.1 Stealth


You had 7 spell levels left.
You didn't know any spells.
Your spell library was empty.

Dungeon Overview and Level Annotations

Branches:
Dungeon (6/15)             Temple (0/1) D:5         Ossuary (visited)

Altars:
Dithmenos
Elyvilon
Ru
Sif Muna
Xom
Zin
The Shining One

Shops:
D:4 }

Annotations:
D:5 2 runed translucent doors, JBAR's ghost, amateur GnSu


Innate Abilities, Weirdness & Mutations

You reflexively headbutt those who attack you in melee.
You have a pair of horns on your head.


Message History

You kill the killer bee!
Trog accepts your kill.
Your Fighting skill increases to level 7!
Your base Axes skill increases to level 3!
The killer bee stings you.
* * * LOW HITPOINT WARNING * * *
It was a potion of attraction.
You feel attractive to monsters. The killer bee barely misses you.
The killer bee misses you.
You puncture the killer bee!
The killer bee is poisoned.
You headbutt the killer bee.
The killer bee is almost dead.
You kill the killer bee!
Trog accepts your kill. The killer bee stings you.
* * * LOW HITPOINT WARNING * * *
You hit the killer bee.
The killer bee is moderately wounded.
The killer bee stings you!
You die...

#.........#
#.........###
#............
#.........#
#....<....#
#.........####
#.#.##....†Zy#
#.......#.##y#
#######.#Z##@#
#...#y##+##..
#.###y#....##
#...#y'......
##†##.#......
#....#....##
###### .....
..<.. ....


You could see 2 killer bees and an adder zombie.

Vanquished Creatures
  A wraith (Ossuary)
  Eustachio (D:4)
  A sky beast (D:4)
  An ogre (D:4)
  A centaur (D:5)
  3 scorpions
  3 killer bees (D:6)
  2 wights (Ossuary)
  An orc priest (D:5)
  2 hounds (D:5)
  3 bullfrog skeletons
  Jessica (D:2)
  2 iguanas
  4 worker ants
  2 orc wizards (D:5)
  2 hound skeletons
  10 adders
  2 river rats (D:5)
  A white imp (D:5)
  An ufetubus (D:3)
  An adder skeleton (D:4)
  4 worms
  3 dart slugs
  2 leopard geckos
  11 orcs
  3 giant cockroaches
  8 hobgoblins
  6 jackals
  2 quokkas
  6 ball pythons
  A ball python skeleton (Ossuary)
  4 bats
  2 frilled lizards
  7 goblins
  2 hobgoblin zombies (Ossuary)
  A jackal zombie (D:4)
  8 kobolds
  A kobold zombie (Ossuary)
  3 orc zombies (Ossuary)
  A quokka skeleton (D:5)
  5 rats
125 creatures vanquished.

Notes
Turn   | Place    | Note
-------+----------+-------------------------------------------
     0 | D:1      | Janerl the Minotaur Berserker began the quest for the Orb.
     0 | D:1      | Reached XP level 1. HP: 19/19 MP: 0/0
   205 | D:1      | Reached XP level 2. HP: 23/27 MP: 1/1
   359 | D:1      | Reached skill level 4 in Maces & Flails
   940 | D:2      | Reached XP level 3. HP: 19/34 MP: 2/2
  1231 | D:2      | Reached XP level 4. HP: 41/41 MP: 3/3
  1524 | D:2      | Found a white marble altar of Elyvilon.
  1631 | D:2      | Noticed Jessica
  1638 | D:2      | Killed Jessica
  1638 | D:2      | Reached ** piety under Trog
  1814 | D:2      | Found a shimmering blue altar of Sif Muna.
  2106 | D:3      | Found a faded altar of an unknown god.
  2123 | D:3      | Reached skill level 5 in Maces & Flails
  2309 | D:3      | Reached XP level 5. HP: 44/47 MP: 4/4
  2970 | D:3      | Reached skill level 1 in Stealth
  2971 | D:3      | Reached skill level 5 in Fighting
  3272 | D:4      | Found Cutzez's Gadget Shop.
  3699 | D:4      | Reached XP level 6. HP: 46/56 MP: 5/5
  3799 | D:4      | Noticed Eustachio
  3809 | D:4      | Killed Eustachio
  3810 | D:4      | Reached skill level 6 in Maces & Flails
  3885 | D:4      | Upgraded the game from 0.26.1-10-gdfb7c7de75 to
                  | 0.26.1-15-g04117e645d
  4046 | D:4      | Upgraded the game from 0.26.1-15-g04117e645d to
                  | 0.26.1-16-g4e020e15dc
  4052 | D:4      | Reached XP level 7. HP: 37/62 MP: 6/6
  4328 | D:4      | Reached skill level 1 in Throwing
  5004 | D:4      | Reached skill level 7 in Maces & Flails
  5320 | D:4      | Found a shimmering altar of Xom.
  5454 | D:5      | Entered Level 5 of the Dungeon
  5509 | D:5      | Reached *** piety under Trog
  5616 | D:5      | Found a sand-covered staircase.
  5625 | Ossuary  | Entered an ossuary
  5921 | Ossuary  | Noticed a wraith
  5921 | Ossuary  | Noticed a flying skull
  5928 | Ossuary  | Noticed a flying skull
  5930 | Ossuary  | Noticed a flying skull
  5933 | Ossuary  | Noticed a wraith
  5942 | Ossuary  | Killed a wraith
  5943 | Ossuary  | Reached skill level 5 in Dodging
  5943 | Ossuary  | Reached XP level 8. HP: 21/70 MP: 7/7
  6219 | Ossuary  | Noticed a flying skull
  6237 | Ossuary  | Noticed a flying skull
  6458 | D:5      | Got an ichor-stained short sword
  6458 | D:5      | Found a shadowy altar of Dithmenos.
  6469 | D:5      | Reached skill level 1 in Axes
  6473 | D:5      | Identified the cursed +1 short sword of the Many Wars
                  | {venom, rPois rF++ Int+3 Stlth-} (You found it on level 5
                  | of the Dungeon)
  6520 | D:5      | Found a large runed translucent door.
  6526 | D:5      | Found a large runed translucent door.
  6826 | D:5      | Found a staircase to the Ecumenical Temple.
  7217 | D:5      | Reached **** piety under Trog
  7263 | D:5      | Reached skill level 8 in Maces & Flails
  7267 | D:5      | Reached skill level 1 in Short Blades
  7628 | D:5      | Found a glowing golden altar of the Shining One.
  7629 | D:5      | Found a glowing silver altar of Zin.
  7725 | D:5      | Found a sacrificial altar of Ru.
  7788 | D:5      | Noticed JBAR's ghost (amateur GnSu)
  7917 | D:6      | Slain by a killer bee

Illustrated notes

Levels and vault maps discovered:
D:1:      doesnt_arrival_eight_statues, layout_basic
D:2:      layout_basic, elyvilon_altar_4, lemuel_blue_sif_altar, uniq_jessica
D:3:      layout_loops_cross, chequers_ecumenical_altar_island
D:4:      layout_basic, tgw_xom, serial_shops, shop,
          kennysheep_opposing_triangles, uniq_eustachio
D:5:      minmay_diamond_boxcup, layout_basic, nicolae_ru_path_of_blood,
          nicolae_dithmenos_the_darkroom, gammafunk_temple_overflow_pools,
          minmay_temple_entry_slanted, portal_sewer_entry_c,
          nicolae_ossuary_entry_monument, ebering_ghost_disaster_area,
          minivault_24, grunt_ministairs_15
D:6:      layout_basic, makhleb_altar_promises_db, vehumet_crystals

Skill      XL: |  1  2  3  4  5  6  7  8 |
---------------+-------------------------+-----
Fighting       | 4 5 6 7 |  7.0
Maces & Flails | 4 5 6 7 8 |  8.0
Dodging        | 3 4 5 |  5.6
Stealth        | 1 2 3 |  3.1
Throwing       | 2 |  2.1
Axes           | 3 |  3.2
Short Blades   | 1 |  1.5
Armour         | |  2.9

Action                   |  1- 3 |  4- 6 |  7- 9 || total
-------------------------+-------+-------+-------++-------
Melee: Mace              |    51 |   137 |    49 ||   237
       Headbutt          |     8 |    21 |    20 ||    49
       War axe           |       |       |    20 ||    20
       Short sword       |       |       |    57 ||    57
Throw: Javelin           |       |    11 |    15 ||    26
Invok: Berserk           |       |     1 |     2 ||     3
       Trog's Hand       |       |       |     1 ||     1
  Use: Scroll            |       |       |     5 ||     5
       Potion            |       |       |     3 ||     3
 Stab: Sleeping          |       |     2 |     4 ||     6
Armor: Animal skin       |     8 |    26 |     6 ||    40
Dodge: Dodged            |    46 |   116 |    84 ||   246
